AoeStats
← 恆浪蕩

Nomad

503079392Analyzed
4v4 RM · 1mo ago on Aug 30, 2026· 8m 1s· 8 players
Game mode
Random Map
Map size
231×231
Population
200
Speed
Normal
Resources
Standard
Victory
Conquest
Starting age
Dark Age
Ending age
Imperial Age
RankedLock teamsTeams togetherTeam positionsShared explorationLock speedFull tech treeHidden civsTurbo modeCheats
Victory
Defeat
🇲🇴 Vikings · Macao SAR China
1681
+12
🇦🇷 Khitans · Argentina
1677
+12
🇹🇼 Tatars · Taiwan
1616
+15
🇹🇼 Inca · Taiwan
1556
+18
🇨🇳 Chinese · China
1675
-18
🇨🇳 Byzantines · China
1576
-13
🇨🇳 Malians · China
1560
-13
🇪🇸 Burmese · Spain
1549
-12
raybb9429
4:41 Loom
默默默默默
3:42 Loom
恆浪蕩
4:24 Loom
friend00792
4:32 Loom
十大地方
2:58 Loom
吮指原味鸡
4:42 Loom
麦辣鸡翅
4:44 Loom
CQ.MaSSa_V
5:30 Loom
Connection lost

Rejoining the realm…

Still unreachable

The connection could not be restored.

Session expired

The server has moved on; the page needs a fresh start.